 Dungeon Crawl Stone Soup version 0.18.1-50-g88ac8fd (webtiles) character file.

35 Nordron the Changer (level 3, -1/31 HPs)
             Began as a Naga Transmuter on Sept 29, 2016.
             Slain by an adder (5 damage)
             ... on level 2 of the Dungeon.
             The game lasted 00:04:35 (1063 turns).

Nordron the Changer (Naga Transmuter)               Turns: 1063, Time: 00:04:35

Health: -1/31      AC:  3    Str: 12    XL:     3   Next: 33%
Magic:  6/6        EV:  9    Int: 13    God:
Gold:   56         SH:  0    Dex: 12    Spells: 1 memorised, 5 levels left

rFire  . . .     SeeInvis +       - Unarmed
rCold  . . .     Gourm    .     l - +0 leather armour (curse)
rNeg   + . .     Faith    .     (no shield)
rPois  +         Spirit   .     (no helmet)
rElec  .         Dismiss  .     i - +0 cloak
rCorr  .         Reflect  .     (no gloves)
SustAt .         Harm     .     (no barding)
MR     .....                    (no amulet)
Stlth  +.........               (no ring)
                                e - ring of positive energy

@: appendage, very slow, not resistant to hostile enchantments, very unstealthy
A: horns 2, see invisible, deformed body, poison resistance, slowness 2, slow
metabolism 1, spit poison 2, AC +1
a: Spit Poison, End Transformation


You were on level 2 of the Dungeon.
You were hungry.
You had grown temporary horns.
You visited 1 branch of the dungeon, and saw 2 of its levels.

You collected 56 gold pieces.

Inventory:

Missiles
 a - 12 arrows
Armour
 b - a +0 robe
 i - a +0 cloak (worn)
 l - a cursed +0 leather armour (worn)
Jewellery
 e - a ring of positive energy (left hand)
Scrolls
 f - 3 scrolls of remove curse {unknown}
 j - 2 scrolls of identify {unknown}
 k - a scroll of enchant weapon {unknown}
 o - 3 scrolls of fog {unknown}
 q - 2 scrolls of magic mapping {unknown}
 s - a scroll of noise {unknown}
 t - 3 scrolls of immolation {unknown}
Potions
 g - 2 potions of curing {unknown}
 h - a potion of agility {unknown}
 m - a potion of haste {unknown}
 p - a potion of might {unknown}
Books
 c - a book of Changes

   Spells                             Type                      Level
   a - Beastly Appendage              Transmutation                1
   b - Sticks to Snakes               Transmutation                2
   c - Spider Form                    Transmutation/Poison         3
   d - Ice Form                       Ice/Transmutation            4
   e - Blade Hands                    Transmutation                5
Comestibles
 d - a bread ration
 n - a beef jerky
 r - 3 chunks of flesh


   Skills:
 - Level 1.0 Fighting
 + Level 0.5 Armour
 - Level 1.5 Dodging
 - Level 3.0 Unarmed Combat
 - Level 2.0 Spellcasting
 * Level 3.4 Transmutations


You had 5 spell levels left.
You knew the following spells:

 Your Spells              Type           Power        Failure   Level  Hunger
a - Beastly Appendage     Trmt           ##....       12%         1    ##.....


Dungeon Overview and Level Annotations

Branches:
Dungeon (2/15)

Altars:

Annotations:
D:2 Robin


Innate Abilities, Weirdness & Mutations

You cannot wear boots.
Your serpentine skin is tough (AC +1).
You have supernaturally acute eyesight.
Armour fits poorly on your strangely shaped body.
Your system is resistant to poisons.
You cover ground very slowly.
You have a slow metabolism.
You can spit poison.
You have a pair of horns on your head.


Message History

The goblins go into a battle-frenzy!
You hear a shout!
A goblin comes into view.
The goblin shouts!
You hear a shout!
A goblin comes into view. It is wielding a club.
You hit the adder but do no damage. The adder bites you.
The goblin moves out of view.
The hobgoblin hits you.
Robin roars a battlecry!
The goblins go into a battle-frenzy!
The goblin closely misses you.
A goblin comes into view. It is wielding a dagger.
You hit the adder.
The adder is heavily wounded.
The adder closely misses you. The hobgoblin hits you.
You barely miss the adder.
The adder is heavily wounded.
The adder bites you. The goblin barely misses you. The hobgoblin hits you!
* * * LOW HITPOINT WARNING * * *
The adder bites you.
You die...

## ### #.. ..# #.######
###.# #......###.#.#
#..###.##....##########.
#..# #......gggg@Sg.....
#..# ####....####gg.###.
#..# ##.#.# r#.....
#..##### #.#g# .r ....
........##.#g#


gg# ### #..####.##.#.# g.# #..####. #.#g# ... #......... ggg g.. .....##.# You
could see Robin, an adder, 3 hobgoblins, 7 goblins and 2 rats.

Vanquished Creatures
  An ooze (D:2)
  2 dart slugs
  2 bats (D:1)
  4 goblins (D:1)
  3 hobgoblins
  4 kobolds
  2 quokkas (D:2)
  4 giant newts (D:1)
  3 rats
25 creatures vanquished.

Notes
Turn   | Place    | Note
--------------------------------------------------------------
     0 | D:1      | Nordron the Naga Transmuter began the quest for the Orb.
     0 | D:1      | Reached XP level 1. HP: 18/18 MP: 3/3
   175 | D:1      | Reached XP level 2. HP: 24/25 MP: 3/5
   816 | D:2      | Reached XP level 3. HP: 25/31 MP: 4/6
  1049 | D:2      | Noticed Robin
  1063 | D:2      | Slain by an adder

Skill      XL: |  1  2 |
---------------+-------+-----
Transmutations | 3 |  3.4
Fighting       | |  1.0
Armour         | |  0.5
Dodging        | |  1.5
Unarmed Combat | |  3.0
Spellcasting   | |  2.0

Action                   || total
-------------------------++-------
Melee: Unarmed           ||    92
       Headbutt          ||    10
 Cast: Beastly Appendage ||    19
Armor: Robe              ||     2
       Leather armour    ||    24
Dodge: Dodged            ||    43
